 Dungeon Crawl Stone Soup version 0.17-a0-1648-g0a089d4 (webtiles) character file.

5791 HEYYEYAAE the Cleaver (level 10, -5/88 HPs)
             Began as a Deep Dwarf Chaos Knight on Aug 12, 2015.
             Slain by an orc warrior
             ... wielding a +0 dire flail
              (22 damage)
             ... on level 9 of the Dungeon.
             The game lasted 00:16:16 (7351 turns).

HEYYEYAAE the Cleaver (Deep Dwarf Chaos Knight)     Turns: 7351, Time: 00:16:16

Health: -5/88      AC: 25    Str: 21    XL:     10   Next: 50%
Magic:  0/13       EV:  5    Int: 13    God:    Xom [.....*]
Gold:   181        SH:  0    Dex: 11    Spells: 0 memorised, 21 levels left

rFire  . . .     SeeInvis .     a - +0 hand axe (chaos)
rCold  + . .     Clarity  .     r - +0 crystal plate armour
rNeg   . . .     SustAt   .     (no shield)
rPois  .         Gourm    .     e - +0 helmet (curse)
rElec  .         Spirit   +     s - +0 cloak
rCorr  .         Warding  .     (no gloves)
rMut   .         Stasis   .     (no boots)
MR     +....                    P - amulet of guardian spirit
Stlth  ..........               (no ring)
                                O - ring of protection from cold

@: non-regenerating, somewhat resistant to hostile enchantments, extremely
unstealthy
A: damage resistance, recharge devices, talons 2, rough black scales 1, sense
surroundings 2, slow healing 3, strong 1
a: Device Recharging, Renounce Religion


You were on level 9 of the Dungeon.
You worshipped Xom.
You were Xom's teddy bear.
You were not hungry.

You visited 2 branches of the dungeon, and saw 10 of its levels.

You collected 616 gold pieces.
You spent 435 gold pieces at shops.

Inventory:

Hand weapons
 a - a +0 hand axe of chaos (weapon)
 T - a +1 halberd of flaming
Armour
 e - a cursed +0 helmet (worn)
 r - a +0 crystal plate armour (worn)
 s - a +0 cloak (worn)
 B - a +0 ring mail of poison resistance
Jewellery
 u - an uncursed ring of fire
 A - a +4 ring of intelligence
 I - a +3 ring of intelligence
 O - a ring of protection from cold (left hand)
 P - an amulet of guardian spirit (around neck)
Magical devices
 c - a wand of heal wounds (1)
 J - a wand of fire (3)
 L - a wand of fire (10)
Scrolls
 b - 2 scrolls of random uselessness
 f - 2 scrolls of enchant armour
 i - a scroll of brand weapon
 k - 2 scrolls of fog
 l - 5 scrolls of remove curse
 n - a scroll of torment
 o - 2 scrolls of noise
 w - 3 scrolls of enchant weapon
 y - 2 scrolls of recharging
 C - 6 scrolls of fear
 D - a scroll of magic mapping {unknown}
 F - a scroll of amnesia {unknown}
 H - 2 scrolls of teleportation {unknown}
Potions
 g - a potion of brilliance {unknown}
 j - a potion of ambrosia {unknown}
 m - 4 potions of agility
 q - 4 potions of magic
 t - a potion of lignification {unknown}
 v - 8 potions of curing
 x - 4 potions of might
 E - a potion of flight {unknown}
 G - a potion of cancellation {unknown}
 M - a potion of degeneration {unknown}
 N - 2 potions of haste {unknown}
 Q - a potion of berserk rage {unknown}
 R - a potion of cure mutation {unknown}
 S - a potion of invisibility {unknown}
Books
 U - a book of Death

   Spells                             Type                      Level
   a - Corpse Rot                     Necromancy                   2
   b - Sublimation of Blood           Necromancy                   2
   c - Agony                          Necromancy                   5
   d - Dispel Undead                  Necromancy                   5
   e - Excruciating Wounds            Charms/Necromancy            5
   f - Bolt of Draining               Conjuration/Necromancy       5
Comestibles
 d - 14 bread rations
 h - 5 fruits
 p - 6 meat rations
 z - a royal jelly
 K - 9 slices of pizza


   Skills:
 + Level 5.3 Fighting
 * Level 8.6 Axes
 * Level 8.2 Armour
 + Level 5.8 Dodging
 * Level 6.3 Spellcasting
 + Level 7.3 Evocations


You had 21 spell levels left.
You didn't know any spells.

Dungeon Overview and Level Annotations

Branches:
Dungeon (9/15)             Temple (1/1) D:4
   Lair: D:8-11         Orc: D:9-12

Altars:
Dithmenos
Fedhas
Gozag
Kikubaaqudgha
Makhleb
Nemelex Xobeh
Okawaru
Ru
Trog
Vehumet
Xom
Yredelemnul
Zin

Shops:
D:7 !


Innate Abilities, Weirdness & Mutations

You are resistant to damage.
You can recharge devices by infusing magical energy.
You passively map the area around you.
You do not heal naturally.
You have razor-sharp toenails.
You are partially covered in rough black scales (AC +4, Dex -1).
Your muscles are strong. (Str +2)


Message History

The orc warrior goes berserk!
You claw the orc warrior, but do no damage.
The orc warrior is lightly wounded.
The orc warrior hits you with a dire flail!
Your crystal plate armour prevents you from hitting the orc warrior.
You claw the orc warrior, but do no damage.
The orc warrior is lightly wounded.
The orc warrior hits you with a dire flail!
* * * LOW HITPOINT WARNING * * *
Unknown command.
Unknown command.
Evoke which item? (* to show all) (? for menu, Esc to quit)
Zapping:
c - a wand of heal wounds (2)
Press: ? - help, Shift-Dir - straight line, f - you You feel much better.
This wand has 1 charge left.
The orc warrior hits you with a dire flail!!
* * * LOW HITPOINT WARNING * * *
The orc warrior hits you with a dire flail!!
You die...
Xom laughs nastily!

*
#######################*
,
,........))!@...........
,,
........))).o..........*
*
.########........####..*
, #........# *
#........# * *
#........# #........# *
, #........# , *
#....)...# *


You could see an orc warrior (berserk).

Vanquished Creatures
  Erolcha (D:8)
  A ball lightning (D:4)
  The ghost of asdu the Cleaver, an experienced GrBe of Trog (D:7)
  A lindwurm (D:5)
  A centaur skeleton (D:9)
  A wyvern (D:8)
  A human (D:8)
  A hippogriff (D:7)
  A steam dragon (D:2)
  Menkaure (D:5)
  Edmund (D:5)
  A wasp (D:5)
  6 ice beasts
  A water moccasin (D:7)
  3 centaurs
  An eye of draining (D:9)
  3 ogres
  An orc warrior (D:6)
  A phantom (D:6)
  2 giant frogs
  A big kobold (D:8)
  A scorpion (D:8)
  3 killer bees (D:8)
  2 crimson imps
  2 giant frog zombies
  An iron imp (D:8)
  2 orc priests
  5 orc wizards
  A hound (D:5)
  2 jellies
  Crazy Yiuf (D:2)
  Ijyb (D:2)
  An iguana (D:7)
  Jessica (D:3)
  A gnoll shaman (D:9)
  4 worker ants
  A hound skeleton (D:7)
  A worker ant zombie (D:9)
  14 adders
  7 gnolls
  3 shadow imps
  2 oozes
  An adder zombie (D:6)
  4 worms
  6 giant geckos
  25 orcs
  8 bats
  6 giant cockroaches
  8 goblins
  6 hobgoblins
  8 jackals
  14 kobolds
  3 quokkas (D:3)
  2 ball pythons
  A giant cockroach zombie (D:5)
  A giant gecko skeleton (D:8)
  6 giant newts
  7 rats
193 creatures vanquished.

Vanquished Creatures (collateral kills)
  An ogre (D:7)
  A giant frog (D:7)
  A killer bee (D:8)
3 creatures vanquished.

Vanquished Creatures (others)
  A human (D:3)
  An ogre (D:4)
  4 jackals (D:7)
6 creatures vanquished.

Grand Total: 202 creatures vanquished

Notes
Turn   | Place    | Note
--------------------------------------------------------------
     0 | D:1      | HEYYEYAAE the Deep Dwarf Chaos Knight began the quest for the Orb.
     0 | D:1      | Reached XP level 1. HP: 20/20 MP: 1/1
   184 | D:1      | XOM: harmless Air miscast
   243 | D:1      | XOM: divination: magic mapping
   381 | D:1      | Reached XP level 2. HP: 22/27 MP: 2/2
   502 | D:1      | Reached skill level 1 in Evocations
   649 | D:1      | XOM: cast spell 'Blink'
   723 | D:1      | XOM: silly message
   914 | D:2      | XOM: divination: magic mapping
   949 | D:2      | Noticed a steam dragon
   949 | D:2      | an adder changed into a steam dragon
   950 | D:2      | XOM: harmless Summ miscast
   957 | D:2      | XOM: enchant monster (good)
   961 | D:2      | Killed a steam dragon
   961 | D:2      | Reached skill level 1 in Spellcasting
   961 | D:2      | Reached XP level 3. HP: 14/34 MP: 3/5
   961 | D:2      | Reached XP level 4. HP: 17/42 MP: 3/6
   961 | D:2      | Reached XP level 5. HP: 19/49 MP: 3/7
  1050 | D:2      | Noticed Ijyb
  1059 | D:2      | Killed Ijyb
  1059 | D:2      | Reached skill level 4 in Axes
  1478 | D:2      | Noticed Crazy Yiuf
  1487 | D:2      | Killed Crazy Yiuf
  1798 | D:2      | XOM: divination: detect creatures
  1897 | D:3      | Reached XP level 6. HP: 50/56 MP: 9/9
  1947 | D:3      | XOM: mild Conj miscast
  1949 | D:3      | XOM: enchant monster (good)
  2019 | D:3      | XOM: harmless Necr miscast
  2107 | D:3      | XOM: colour smoke trail
  2184 | D:3      | Noticed Jessica
  2188 | D:3      | Killed Jessica
  2276 | D:3      | Found an ancient bone altar of Kikubaaqudgha.
  2368 | D:3      | Noticed a human
  2370 | D:3      | Killed a human
  2733 | D:4      | Reached XP level 7. HP: 45/62 MP: 10/10
  2893 | D:4      | Found a sacrificial altar of Ru.
  3038 | D:4      | XOM: divination: magic mapping
  3145 | D:4      | Found a staircase to the Ecumenical Temple.
  3149 | D:4      | XOM: give mutations
  3149 | D:4      | Gained mutation: You are partially covered in rough black scales (AC +4, Dex -1). [Xom's grace]
  3149 | D:4      | Gained mutation: You can spit weak poison. [Xom's grace]
  3363 | D:4      | Reached skill level 5 in Axes
  3380 | D:4      | XOM: severe Air miscast
  3381 | D:4      | Noticed a ball lightning
  3381 | D:4      | Killed a ball lightning
  3505 | Temple   | XOM: noise
  3505 | Temple   | Entered the Ecumenical Temple
  3530 | D:5      | Entered Level 5 of the Dungeon
  3608 | D:5      | Noticed Edmund
  3619 | D:5      | Killed Edmund
  3619 | D:5      | Reached XP level 8. HP: 36/72 MP: 10/10
  3651 | D:5      | Noticed Sigmund
  3652 | D:5      | Noticed Sigmund
  3652 | D:5      | Sigmund changed into Sigmund the wasp
  3652 | D:5      | XOM: polymorph Sigmund -> Sigmund the wasp
  3683 | D:5      | Killed Sigmund the wasp
  3683 | D:5      | Reached skill level 5 in Armour
  3822 | D:5      | Noticed Menkaure
  3829 | D:5      | Killed Menkaure
  3829 | D:5      | Reached skill level 5 in Evocations
  3844 | D:5      | XOM: noise
  3852 | D:5      | XOM: polymorph scorpion -> soldier ant
  3868 | D:5      | Noticed a spiny frog
  3868 | D:5      | a soldier ant changed into a spiny frog
  3868 | D:5      | XOM: polymorph soldier ant -> spiny frog
  3885 | D:5      | Noticed a salamander
  3885 | D:5      | a spiny frog changed into a salamander
  3885 | D:5      | XOM: polymorph spiny frog -> salamander
  3887 | D:5      | XOM: enchant monster (bad)
  3894 | D:5      | Noticed a lindwurm
  3894 | D:5      | a salamander changed into a lindwurm
  3894 | D:5      | XOM: polymorph salamander -> lindwurm
  3907 | D:5      | XOM: summons friendly ufetubus
  3912 | D:5      | XOM: summons 1 hostile demon
  3931 | D:5      | XOM: swap monsters
  3940 | D:5      | XOM: harmless Ice miscast
  3943 | D:5      | XOM: potion effect (brilliance)
  3954 | D:5      | Killed a lindwurm
  3954 | D:5      | Reached skill level 6 in Axes
  3968 | D:5      | XOM: cast spell 'Beastly Appendage'
  4106 | D:6      | XOM: harmless Divn miscast
  4123 | D:6      | XOM: potion effect (curing)
  4124 | D:6      | XOM: harmless Trmt miscast
  4220 | D:6      | XOM: mild Divn miscast
  4226 | D:6      | Gained mutation: You passively map the area around you. [Deep Dwarf growth]
  4226 | D:6      | Reached XP level 9. HP: 55/79 MP: 10/10
  4293 | D:6      | XOM: harmless Chrm miscast
  4294 | D:6      | XOM: harmless Summ miscast
  4389 | D:6      | XOM: mild Fire miscast
  4416 | D:6      | XOM: cast spell 'Dragon Form'
  4732 | D:6      | XOM: 1-stop teleportation journey
  4777 | D:6      | XOM: divination: magic mapping
  5145 | D:7      | Noticed asdu's ghost (experienced GrBe)
  5157 | D:7      | Reached skill level 5 in Spellcasting
  5175 | D:7      | XOM: cast spell 'Summon Ice Beast'
  5176 | D:7      | Killed asdu's ghost
  5176 | D:7      | Reached skill level 7 in Axes
  5176 | D:7      | Reached skill level 5 in Dodging
  5190 | D:7      | Noticed an angel
  5192 | D:7      | Found a shimmering altar of Xom.
  5192 | D:7      | Found a glowing silver altar of Zin.
  5412 | D:7      | XOM: confusion
  5413 | D:7      | XOM: summons 6 friendly demons
  5524 | D:7      | XOM: colour smoke trail
  5686 | D:7      | Found Bienargh's Distillery.
  5689 | D:7      | Bought 2 potions of agility for 120 gold pieces
  5689 | D:7      | Bought a potion of curing for 45 gold pieces
  5689 | D:7      | Bought 2 potions of might for 120 gold pieces
  5689 | D:7      | Bought a potion of curing for 45 gold pieces
  5689 | D:7      | Bought a potion of curing for 45 gold pieces
  5689 | D:7      | Bought a potion of might for 60 gold pieces
  5864 | D:8      | XOM: polymorph quasit -> iron imp
  5874 | D:8      | Found a sacrificial altar of Ru.
  5878 | D:8      | Found a burning altar of Makhleb.
  5878 | D:8      | Found a bloodstained altar of Trog.
  5878 | D:8      | Found a radiant altar of Vehumet.
  5878 | D:8      | Found a basalt altar of Yredelemnul.
  5881 | D:8      | XOM: divination: detect creatures
  5890 | D:8      | Reached skill level 5 in Fighting
  5912 | D:8      | XOM: potion effect (agility)
  6101 | D:8      | Found a shadowy altar of Dithmenos.
  6133 | D:8      | XOM: noise
  6165 | D:8      | Reached XP level 10. HP: 79/88 MP: 12/12
  6188 | D:8      | XOM: harmless Hex miscast
  6319 | D:8      | XOM: divination: detect creatures
  6476 | D:8      | XOM: divination: detect creatures
  6567 | D:8      | Noticed Erolcha
  6570 | D:8      | Killed Erolcha
  6570 | D:8      | Reached skill level 8 in Axes
  6590 | D:8      | XOM: cast spell 'Necromutation'
  6696 | D:8      | Found a sparkling altar of Nemelex Xobeh.
  6751 | D:8      | XOM: give mutations
  6751 | D:8      | Lost mutation: You can spit weak poison. [Xom's grace]
  6751 | D:8      | Gained mutation: You have sharp toenails. [Xom's grace]
  6751 | D:8      | Gained mutation: Your muscles are strong. (Str +2) [Xom's grace]
  6847 | D:8      | XOM: cast spell 'Death Channel'
  7089 | D:9      | XOM: 1-stop teleportation journey
  7192 | D:9      | Found an iron altar of Okawaru.
  7210 | D:9      | XOM: vitrification
  7242 | D:9      | Found an opulent altar of Gozag.
  7295 | D:9      | Found a blossoming altar of Fedhas.
  7324 | D:9      | XOM: give mutation
  7324 | D:9      | Gained mutation: You have razor-sharp toenails. [Xom's grace]
  7351 | D:9      | Slain by an orc warrior

Vault maps used:
D:1:      dpeg_arrival_oval, serial_bayou_pond_a
D:2:      minmay_quantized, uniq_crazy_yiuf_cottage, uniq_iyjb
D:3:      hangedman_decor_points, tgw_kikubaaqudgha, uniq_jessica
D:4:      minmay_temple_entry_hall, hangedman_ru_absence
D:5:      first_bread, uniq_menkaure, uniq_sigmund, uniq_edmund
D:6:      grunt_ministairs_8, lightli_orcish_oven
D:7:      grunt_temple_overflow_order_and_chaos_1, serial_shops, kennysheep_mini
D:8:      nicolae_dithmenos_the_darkroom, grunt_temple_overflow_open,
          nemelex_deck, columned_hall_lemuel, grunt_pizzeria, uniq_erolcha
D:9:      kennysheep_little_box, old_standard_altar, basic_altar, serial_shops,
          kennysheep_mini_moat
Temple:   jpeg_temple_alley_garden_8

Action                   |  1- 3 |  4- 6 |  7- 9 | 10-12 || total
-------------------------+-------+-------+-------+-------++-------
Melee: Hand axe          |    83 |   290 |   755 |   207 ||  1335
 Abil: Device Recharging |       |     1 |     5 |       ||     6
Evoke: Wand              |     2 |     3 |    31 |     5 ||    41
  Use: Scroll            |       |       |    13 |     3 ||    16
       Potion            |       |       |     7 |       ||     7
 Stab: Paralysed         |     4 |     1 |    11 |     3 ||    19
       Petrifying        |       |     1 |     2 |       ||     3
       Petrified         |       |     1 |     4 |       ||     5
       Confused          |       |       |     2 |     3 ||     5
  Eat: Chunk             |       |     6 |    11 |     4 ||    21
       Pizza             |       |       |     1 |       ||     1
